[ PARTIDA AOE2 · #506189024 ]
UnrankedCoreanos vs Huns
Equipo del jugador · VICT
Equipo rival · DERR
[ ANÁLISIS DE REPETICIÓN · EXTRAÍDO DE LA PARTIDA GRABADA ]
Feudal
8:26
Castillos
26:10
Imperial
45:01
| APM promedio | 71.9 |
| APM pico | 118 |
| eAPM promedio | 34.8 |
| Aldeanos / militares | 149 / 214 |
Foco
⚔️ 44.8% · 🌾 55.2%
Skirmisher ×122 · Fire Lancer ×63 · Spearman ×17 · Monk ×6 · Iron Pagoda ×4 · Archer ×1
Feudal
8:51
Castillos
25:39
Imperial
—
| APM promedio | 78.1 |
| APM pico | 122 |
| eAPM promedio | 29.2 |
| Aldeanos / militares | 166 / 141 |
Foco
⚔️ 41.3% · 🌾 58.7%
Skirmisher ×107 · Scout Cavalry ×13 · Mangonel ×8 · Knight ×5 · Militia ×3 · Archer ×2
Mapa de la partida
Recursos iniciales + cada clic de construcción. Líneas = muros · curvas = relieve. ◆ oro · ⬟ piedra · ● bayas · ✦ reliquia · ◌ hueco del cierre
Tu base· Abierta — hueco de 2t
Base de Gabi· Abierta — hueco de 4t
Terreno inicial suavizado · ◌ = hueco del cierre detectado · pasá el cursor para detalles
Inputs por minuto
— Babaorum - - Gabi
Build order — Babaorum
Primeras 150 de 556 acciones detectadas
| 0:00 | Encolar | Villager (Male) |
| 0:01 | Encolar | Villager (Male) |
| 0:04 | Construir | House |
| 0:09 | Construir | House |
| 0:12 | Encolar | Villager (Male) |
| 0:14 | Encolar | Villager (Male) |
| 1:33 | Encolar | Villager (Male) |
| 2:03 | Encolar | Villager (Male) |
| 2:09 | Encolar | Villager (Male) |
| 2:10 | Construir | Lumber Camp |
| 2:27 | Encolar | Villager (Male) |
| 3:12 | Encolar | Villager (Male) |
| 3:30 | Encolar | Villager (Male) |
| 3:30 | Encolar | Villager (Male) |
| 3:55 | Construir | House |
| 4:28 | Encolar | Villager (Male) |
| 4:47 | Encolar | Villager (Male) |
| 4:50 | Construir | Mill |
| 4:51 | Encolar | Villager (Male) |
| 4:56 | Construir | Palisade Wall |
| 4:59 | Encolar | Villager (Male) |
| 5:26 | Encolar | Villager (Male) |
| 6:16 | Investigar | Feudal Age |
| 6:52 | Construir | Palisade Wall |
| 6:53 | Construir | Palisade Wall |
| 6:54 | Construir | Palisade Wall |
| 6:54 | Construir | Palisade Wall |
| 6:57 | Construir | Palisade Wall |
| 7:16 | Investigar | Loom |
| 7:17 | Encolar | Villager (Male) |
| 7:33 | Construir | Barracks |
| 7:41 | Encolar | Villager (Male) |
| 7:52 | Construir | House |
| 8:26 | Edad | Edad Feudal |
| 8:37 | Construir | Archery Range |
| 8:37 | Encolar | Spearman |
| 8:41 | Encolar | Villager (Male) |
| 8:59 | Encolar | Spearman |
| 9:08 | Construir | House |
| 9:12 | Construir | House |
| 9:19 | Encolar | Skirmisher |
| 9:21 | Encolar | Villager (Male) |
| 9:33 | Encolar | Skirmisher |
| 9:36 | Encolar | Villager (Male) |
| 9:37 | Investigar | Double-Bit Axe |
| 9:51 | Encolar | Skirmisher |
| 10:03 | Encolar | Villager (Male) |
| 10:05 | Construir | Farm |
| 10:14 | Investigar | Loom |
| 10:14 | Encolar | Villager (Male) |
| 10:24 | Encolar | Skirmisher |
| 10:31 | Construir | Palisade Wall |
| 10:37 | Encolar | Villager (Male) |
| 10:42 | Construir | House |
| 11:02 | Encolar | Villager (Male) |
| 11:08 | Construir | Farm |
| 11:10 | Construir | Farm |
| 11:15 | Encolar | Skirmisher |
| 11:19 | Encolar | Villager (Male) |
| 11:21 | Construir | House |
| 11:21 | Construir | House |
| 11:39 | Encolar | Skirmisher |
| 11:40 | Encolar | Spearman |
| 11:46 | Encolar | Villager (Male) |
| 11:48 | Construir | Farm |
| 11:53 | Construir | Farm |
| 11:56 | Encolar | Villager (Male) |
| 12:04 | Encolar | Skirmisher |
| 12:11 | Encolar | Villager (Male) |
| 12:19 | Construir | Farm |
| 12:34 | Investigar | Horse Collar |
| 12:37 | Encolar | Skirmisher |
| 12:38 | Encolar | Villager (Male) |
| 12:50 | Encolar | Skirmisher |
| 12:51 | Encolar | Spearman |
| 12:56 | Encolar | Villager (Male) |
| 12:58 | Construir | Farm |
| 13:09 | Encolar | Skirmisher |
| 13:09 | Encolar | Villager (Male) |
| 13:14 | Encolar | Villager (Male) |
| 13:22 | Encolar | Villager (Male) |
| 13:31 | Encolar | Villager (Male) |
| 13:34 | Encolar | Villager (Male) |
| 13:39 | Encolar | Spearman |
| 13:47 | Encolar | Villager (Male) |
| 13:54 | Encolar | Villager (Male) |
| 14:10 | Encolar | Skirmisher |
| 14:10 | Encolar | Villager (Male) |
| 14:12 | Construir | House |
| 14:13 | Encolar | Villager (Male) |
| 14:22 | Encolar | Skirmisher |
| 14:31 | Investigar | Wheelbarrow |
| 14:39 | Encolar | Skirmisher |
| 14:45 | Encolar | Villager (Male) |
| 14:46 | Construir | House |
| 14:51 | Construir | House |
| 14:58 | Encolar | Villager (Male) |
| 15:01 | Encolar | Villager (Male) |
| 15:03 | Construir | Farm |
| 15:05 | Encolar | Skirmisher |
| 15:13 | Encolar | Villager (Male) |
| 15:15 | Construir | Farm |
| 15:17 | Construir | Farm |
| 15:22 | Encolar | Skirmisher |
| 15:23 | Encolar | Villager (Male) |
| 15:26 | Construir | House |
| 15:29 | Encolar | Villager (Male) |
| 15:32 | Encolar | Villager (Male) |
| 15:53 | Encolar | Skirmisher |
| 16:08 | Construir | Blacksmith |
| 16:31 | Encolar | Skirmisher |
| 16:37 | Encolar | Skirmisher |
| 16:37 | Encolar | Villager (Male) |
| 16:41 | Construir | Archery Range |
| 16:45 | Construir | Archery Range |
| 16:47 | Encolar | Skirmisher |
| 16:51 | Construir | Farm |
| 16:52 | Construir | Farm |
| 16:54 | Investigar | Fletching |
| 17:01 | Encolar | Skirmisher |
| 17:02 | Encolar | Villager (Male) |
| 17:05 | Construir | Farm |
| 17:08 | Construir | Farm |
| 17:09 | Construir | Farm |
| 17:16 | Construir | Farm |
| 17:18 | Encolar | Skirmisher |
| 17:26 | Encolar | Skirmisher |
| 17:26 | Encolar | Skirmisher |
| 17:31 | Encolar | Villager (Male) |
| 17:35 | Construir | Farm |
| 17:38 | Encolar | Skirmisher |
| 17:38 | Encolar | Skirmisher |
| 17:46 | Encolar | Villager (Male) |
| 17:53 | Encolar | Skirmisher |
| 18:14 | Construir | Farm |
| 18:21 | Encolar | Skirmisher |
| 18:21 | Encolar | Skirmisher |
| 18:24 | Encolar | Villager (Male) |
| 18:40 | Encolar | Skirmisher |
| 18:52 | Encolar | Skirmisher |
| 18:53 | Encolar | Skirmisher |
| 19:01 | Construir | Watch Tower |
| 19:04 | Encolar | Skirmisher |
| 19:04 | Encolar | Skirmisher |
| 19:05 | Encolar | Villager (Male) |
| 19:14 | Encolar | Skirmisher |
| 19:14 | Encolar | Skirmisher |
| 19:14 | Encolar | Spearman |
| 19:26 | Encolar | Spearman |
| 19:27 | Encolar | Skirmisher |
Build order — Gabi
Primeras 150 de 421 acciones detectadas
| 0:01 | Encolar | Villager (Male) |
| 0:01 | Encolar | Villager (Male) |
| 0:27 | Encolar | Villager (Male) |
| 1:09 | Encolar | Villager (Male) |
| 1:29 | Encolar | Villager (Male) |
| 1:49 | Encolar | Villager (Male) |
| 2:14 | Construir | Lumber Camp |
| 2:20 | Encolar | Villager (Male) |
| 2:45 | Encolar | Villager (Male) |
| 3:10 | Encolar | Villager (Male) |
| 3:30 | Encolar | Villager (Male) |
| 3:45 | Encolar | Villager (Male) |
| 4:32 | Encolar | Villager (Male) |
| 4:55 | Encolar | Villager (Male) |
| 5:19 | Encolar | Villager (Male) |
| 5:25 | Construir | Barracks |
| 5:37 | Encolar | Villager (Male) |
| 6:09 | Investigar | Loom |
| 6:23 | Investigar | Feudal Age |
| 6:24 | Investigar | Feudal Age |
| 6:45 | Encolar | Militia |
| 6:50 | Construir | Mining Camp |
| 7:06 | Encolar | Militia |
| 7:28 | Encolar | Militia |
| 8:51 | Edad | Edad Feudal |
| 8:54 | Investigar | Man-at-Arms (upgrade) |
| 8:57 | Encolar | Villager (Male) |
| 9:02 | Encolar | Villager (Male) |
| 9:12 | Construir | Mill |
| 9:15 | Encolar | Villager (Male) |
| 9:21 | Construir | Archery Range |
| 9:37 | Construir | Watch Tower |
| 10:09 | Encolar | Villager (Male) |
| 10:15 | Encolar | Skirmisher |
| 10:15 | Encolar | Skirmisher |
| 10:26 | Encolar | Villager (Male) |
| 10:31 | Construir | Palisade Wall |
| 10:31 | Construir | Palisade Wall |
| 10:47 | Encolar | Skirmisher |
| 11:00 | Encolar | Villager (Male) |
| 11:03 | Encolar | Skirmisher |
| 11:04 | Construir | Palisade Wall |
| 11:05 | Construir | Palisade Wall |
| 11:06 | Construir | Palisade Wall |
| 11:20 | Encolar | Skirmisher |
| 11:30 | Construir | Farm |
| 11:30 | Encolar | Villager (Male) |
| 11:32 | Construir | Farm |
| 11:33 | Encolar | Skirmisher |
| 11:37 | Construir | Palisade Wall |
| 11:38 | Construir | Palisade Wall |
| 11:50 | Encolar | Villager (Male) |
| 12:11 | Investigar | Double-Bit Axe |
| 12:21 | Encolar | Villager (Male) |
| 12:25 | Construir | Mining Camp |
| 12:41 | Encolar | Villager (Male) |
| 12:47 | Encolar | Skirmisher |
| 12:57 | Encolar | Villager (Male) |
| 13:27 | Encolar | Villager (Male) |
| 13:35 | Encolar | Villager (Male) |
| 13:39 | Encolar | Skirmisher |
| 13:39 | Encolar | Skirmisher |
| 13:51 | Encolar | Villager (Male) |
| 13:53 | Construir | Farm |
| 13:53 | Construir | Farm |
| 14:10 | Construir | Farm |
| 14:12 | Encolar | Archer |
| 14:16 | Encolar | Villager (Male) |
| 14:21 | Construir | Farm |
| 14:30 | Investigar | Arson |
| 14:35 | Encolar | Villager (Male) |
| 14:36 | Construir | Farm |
| 14:45 | Encolar | Skirmisher |
| 14:52 | Construir | Farm |
| 14:54 | Construir | Farm |
| 15:00 | Encolar | Villager (Male) |
| 15:13 | Encolar | Villager (Male) |
| 15:27 | Encolar | Villager (Male) |
| 15:37 | Construir | Farm |
| 15:49 | Encolar | Archer |
| 15:52 | Construir | Farm |
| 15:53 | Construir | Farm |
| 16:00 | Encolar | Villager (Male) |
| 16:07 | Encolar | Villager (Male) |
| 16:19 | Encolar | Skirmisher |
| 16:33 | Encolar | Skirmisher |
| 16:39 | Encolar | Villager (Male) |
| 16:53 | Construir | Farm |
| 16:55 | Construir | Farm |
| 16:55 | Construir | Farm |
| 17:04 | Encolar | Skirmisher |
| 17:08 | Construir | Stable |
| 17:25 | Encolar | Skirmisher |
| 17:31 | Encolar | Villager (Male) |
| 17:34 | Construir | Blacksmith |
| 17:58 | Construir | Watch Tower |
| 17:59 | Encolar | Scout Cavalry |
| 18:11 | Encolar | Villager (Male) |
| 18:14 | Encolar | Skirmisher |
| 18:14 | Encolar | Villager (Male) |
| 18:22 | Construir | Farm |
| 18:25 | Investigar | Fletching |
| 18:27 | Encolar | Skirmisher |
| 18:30 | Encolar | Villager (Male) |
| 18:45 | Encolar | Villager (Male) |
| 18:57 | Encolar | Scout Cavalry |
| 19:03 | Encolar | Scout Cavalry |
| 19:10 | Encolar | Villager (Male) |
| 19:23 | Encolar | Skirmisher |
| 19:24 | Encolar | Skirmisher |
| 19:25 | Encolar | Villager (Male) |
| 19:32 | Encolar | Villager (Male) |
| 19:37 | Encolar | Villager (Male) |
| 19:51 | Encolar | Villager (Male) |
| 19:52 | Encolar | Skirmisher |
| 20:20 | Investigar | Forging |
| 20:25 | Construir | Archery Range |
| 20:28 | Encolar | Skirmisher |
| 20:28 | Encolar | Skirmisher |
| 20:39 | Encolar | Villager (Male) |
| 20:41 | Construir | Market |
| 20:56 | Construir | Farm |
| 20:57 | Construir | Farm |
| 21:06 | Encolar | Skirmisher |
| 21:13 | Construir | Watch Tower |
| 21:16 | Construir | Palisade Wall |
| 21:19 | Encolar | Villager (Male) |
| 21:20 | Encolar | Skirmisher |
| 21:28 | Encolar | Villager (Male) |
| 21:29 | Encolar | Skirmisher |
| 21:30 | Encolar | Skirmisher |
| 21:30 | Encolar | Villager (Male) |
| 22:19 | Encolar | Villager (Male) |
| 22:28 | Encolar | Villager (Male) |
| 22:39 | Construir | Lumber Camp |
| 22:48 | Construir | Farm |
| 22:50 | Investigar | Castle Age |
| 22:53 | Encolar | Skirmisher |
| 22:53 | Encolar | Skirmisher |
| 23:07 | Encolar | Skirmisher |
| 23:07 | Encolar | Skirmisher |
| 23:17 | Investigar | Padded Archer Armor |
| 23:25 | Encolar | Skirmisher |
| 23:25 | Encolar | Skirmisher |
| 23:55 | Encolar | Scout Cavalry |
| 24:01 | Encolar | Scout Cavalry |
| 24:20 | Encolar | Skirmisher |
| 24:20 | Encolar | Skirmisher |
| 24:21 | Encolar | Skirmisher |
| 24:30 | Investigar | Scale Barding Armor |
Cronología de la partida
| 4:56 | Babaorum · wall_segment Palisade Wall x1 |
| 5:25 | Gabi · first_building Barracks |
| 6:52 | Babaorum · wall_segment Palisade Wall x1 |
| 6:53 | Babaorum · wall_segment Palisade Wall x1 |
| 6:54 | Babaorum · wall_segment Palisade Wall x1 |
| 6:54 | Babaorum · wall_segment Palisade Wall x1 |
| 6:57 | Babaorum · wall_segment Palisade Wall x1 |
| 7:33 | Babaorum · first_building Barracks |
| 8:26 | Babaorum · age_up feudal |
| 8:37 | Babaorum · first_building Archery Range |
| 8:51 | Gabi · age_up feudal |
| 9:21 | Gabi · first_building Archery Range |
| 10:31 | Gabi · wall_segment Palisade Wall x1 |
| 10:31 | Babaorum · wall_segment Palisade Wall x1 |
| 10:31 | Gabi · wall_segment Palisade Wall x1 |
| 11:04 | Gabi · wall_segment Palisade Wall x1 |
| 11:05 | Gabi · wall_segment Palisade Wall x1 |
| 11:06 | Gabi · wall_segment Palisade Wall x1 |
| 11:37 | Gabi · wall_segment Palisade Wall x1 |
| 11:38 | Gabi · wall_segment Palisade Wall x1 |
| 17:08 | Gabi · first_building Stable |
| 21:06 | Babaorum · first_market_sell 500 wood |
| 21:08 | Babaorum · first_market_buy 100 stone |
| 21:16 | Gabi · wall_segment Palisade Wall x1 |
| 21:41 | Gabi · first_market_sell 100 wood |
| 21:41 | Gabi · first_market_buy 100 food |
| 25:39 | Gabi · age_up castle |
| 25:57 | Babaorum · wall_segment Palisade Wall x1 |
| 25:58 | Babaorum · wall_segment Palisade Wall x1 |
| 26:10 | Babaorum · age_up castle |
| 26:18 | Babaorum · first_building Monastery |
| 26:31 | Babaorum · wall_segment Palisade Wall x1 |
| 28:52 | Gabi · first_building Siege Workshop |
| 32:02 | Babaorum · first_building Siege Workshop |
| 33:27 | Gabi · first_building Monastery |
| 40:57 | Babaorum · first_building Castle |
| 43:42 | Gabi · first_building Castle |
| 45:01 | Babaorum · age_up imperial |
| 45:07 | Gabi · resign |
[ ANÁLISIS IA · 1 CRÉDITO ]
¿Qué pasó realmente en esta partida?
Wolo.gg analiza cada decisión: build order, eco, micro, errores típicos por bracket. Análisis personalizado por WhatsApp o Discord en 30 segundos.
Guía civ
Coreanos
Perfil
Jugador #576919